 Dungeon Crawl Stone Soup version 0.21-a0-621-gc60411f (webtiles) character file.

118377 mopl the Black Belt (level 16, -3/129 HPs)
             Began as a Barachi Transmuter on Dec 23, 2017.
             Was a High Priest of Cheibriados.
             Slain by Polyphemus (18 damage)
             ... on level 2 of the Shoals.
             The game lasted 01:12:21 (23846 turns).

mopl the Black Belt (Barachi Transmuter)           Turns: 23846, Time: 01:12:22

Health: -3/129     AC: 11    Str: 32    XL:     16   Next: 76%
Magic:  9/24       EV: 28    Int: 37    God:    Cheibriados [*****.]
Gold:   2117       SH:  0    Dex: 28    Spells: 5/25 levels left

rFire    + . .     SeeInvis .     - Unarmed
rCold    + . .     Gourm    .   (shield currently unavailable)
rNeg     . . .     Faith    +   n - +3 troll leather armour {Snorg}
rPois    .         Spirit   .   P - +1 helmet of Sovereignty {*Drain Str+6 Int+4 Stlth+}
rElec    .         Reflect  .   o - scarf {rC+ rF+}
rCorr    .         Harm     .   (gloves currently unavailable)
MR       ++...                  L - +1 pair of boots
Stlth    ++++......             C - amulet of faith {!P}
HPRegen  0.71/turn              N - ring of protection from magic
MPRegen  0.19/turn              p - +3 ring of evasion {=R}

@: blade hands, very slow
A: +LOS, swims, slowness 1, strong legs 2
a: Hop, End Transformation, Bend Time, Temporal Distortion, Slouch, Step From
Time, Renounce Religion


You were on level 2 of the Shoals.
You worshipped Cheibriados.
Cheibriados was extremely pleased with you.
You were very hungry.
You had blades for hands.
You visited 5 branches of the dungeon, and saw 26 of its levels.
You also visited: Ossuary and Ice Cave.

You collected 2948 gold pieces.
You spent 831 gold pieces at shops.

Inventory:

Missiles
 a - 880 arrows
 c - 16 tomahawks
 g - 37 javelins (quivered)
 i - 31 poisoned needles
 B - 15 poisoned javelins
 O - 4 throwing nets
Armour
 n - a +3 troll leather armour (worn) {Snorg}
 o - a scarf of resistance (worn)
 D - the +3 pair of gloves "Hat Saxze" (melded) {rN+}
   (You found it in an ice cave)

   It protects you from negative energy.
 L - a +1 pair of boots (worn)
 P - the +1 helmet of Sovereignty (worn) {*Drain Str+6 Int+4 Stlth+}
   (You bought it in a shop on level 14 of the Dungeon)

   It affects your strength (+6).
   It affects your intelligence (+4).
   It causes draining when unequipped.
   It makes you more stealthy.
 Z - a +0 cloak of invisibility
Jewellery
 p - a +3 ring of evasion (right scythe-like blade) {=R}
 s - an uncursed ring of protection from fire
 t - an uncursed ring of see invisible
 C - an amulet of faith (around neck) {!P}
 N - a ring of protection from magic (left scythe-like blade)
Wands
 b - a wand of polymorph (32)
 j - a wand of flame (50)
 u - a wand of acid (6)
 z - a wand of enslavement (9)
 K - a wand of paralysis (22)
 Q - a wand of iceblast (22)
 R - a wand of disintegration (51)
Scrolls
 e - 10 scrolls of teleportation
 m - 2 scrolls of fog
 x - 3 scrolls of enchant armour
 y - 7 scrolls of magic mapping
 E - 4 scrolls of vulnerability {unknown}
 F - a scroll of holy word
 I - 2 scrolls of silence {!r}
 M - 9 scrolls of remove curse
 X - 2 scrolls of fear
Potions
 f - 4 potions of might
 h - 15 potions of curing
 k - 8 potions of heal wounds
 r - 2 potions of resistance
 v - 2 potions of lignification {!q}
 w - a potion of invisibility
 G - 4 potions of agility
 H - a potion of magic
 J - 4 potions of ambrosia
 S - 4 potions of flight
 Y - 3 potions of cancellation
Miscellaneous
 l - a lightning rod (4/4)
Comestibles
 d - 39 rations
 q - 3 chunks of flesh


   Skills:
 + Level 12.9 Fighting
 + Level 10.6 Throwing
 + Level 12.1 Dodging
 + Level 2.6 Stealth
 * Level 17.5 Unarmed Combat
 - Level 5.0 Spellcasting
 - Level 6.0 Hexes
 - Level 8.0 Transmutations
 - Level 5.0 Ice Magic
 - Level 3.0 Poison Magic
 + Level 10.7 Invocations


You had 5 spell levels left.
You knew the following spells:

 Your Spells              Type           Power        Failure   Level  Hunger
a - Confusing Touch       Hex            ######       11%         1    None
b - Spider Form           Tmut/Pois      ######....   17%         3    None
c - Blade Hands           Tmut           ######....   30%         5    #####..
d - Ice Form              Ice/Tmut       ######..     24%         4    ###....
w - Sticks to Snakes      Tmut           ######..     9%          2    None
y - Yara's Violent Unrav  Hex/Tmut       ######....   36%         5    #####..


Dungeon Overview and Level Annotations

Branches:
Dungeon (15/15)            Temple (1/1) D:4            Lair (6/6) D:10
 Shoals (2/4) Lair:2        Snake (0/4) Lair:2        Slime (0/5) Lair:6
    Orc (2/2) D:12            Elf (0/3) Orc:2        Vaults (0/5) D:13
 Depths (0/5) D:15

Altars:
Ashenzari
Cheibriados
Dithmenos
Elyvilon
Hepliaklqana
Kikubaaqudgha
Makhleb
Nemelex Xobeh
Okawaru
Ru
Vehumet
Wu Jian
Xom
Yredelemnul
The Shining One
Jiyva

Shops:
D:9 *   D:11 %   D:14 [   D:15 %   Orc:2 }[!(   Shoals:1 (

Annotations:
Shoals:2 Polyphemus


Innate Abilities, Weirdness & Mutations

Shadows flee at your approach. (+LOS)
You can swim through water.
You cover ground slowly.
You can hop long distances.


Message History

You completely miss Polyphemus.
Polyphemus is moderately wounded.
Polyphemus completely misses you. Polyphemus closely misses you.
You barely miss Polyphemus.
Polyphemus is moderately wounded.
Polyphemus hits you!!
* * * LOW HITPOINT WARNING * * *
Polyphemus hits you but does no damage.
Unknown command.
You shred Polyphemus!!!!
Polyphemus is almost dead.
Polyphemus hits you!!
* * * LOW HITPOINT WARNING * * *
Polyphemus completely misses you.
You hit Polyphemus.
Polyphemus is almost dead.
You feel much better. Polyphemus hits you!
* * * LOW HITPOINT WARNING * * *
Polyphemus hits you!!
You die...

≈≈≈≈((..≈≈≈≈≈≈≈≈≈(≈≈≈≈≈ ≈
≈≈≈≈.....≈≈≈≈≈≈≈≈≈....≈ ≈≈
≈≈≈≈≈≈...≈≈≈≈≈≈≈((... ≈≈≈
≈≈≈≈≈≈≈≈≈≈≈≈Y≈≈≈≈(.# .≈≈≈
≈≈≈≈≈≈≈≈≈≈≈≈≈(≈≈≈..##..≈≈≈
≈≈≈≈≈≈≈≈≈..≈≈≈≈≈†......≈≈≈
≈≈≈≈≈≈≈.....≈≈≈≈(†....≈≈≈≈
≈≈≈≈≈÷...#...≈≈≈†≈≈≈≈≈≈≈≈≈≈.
≈≈≈≈≈≈.[......≈≈@≈≈≈≈≈≈≈≈≈..
≈≈≈≈≈...##....≈≈C≈≈≈≈≈≈≈≈≈..
≈≈≈≈≈...##......≈≈≈≈≈≈≈≈...#
≈≈≈≈≈....#......≈≈≈≈≈≈≈≈...#
≈≈≈≈≈..........≈≈≈≈≈≈≈≈≈...#
≈≈≈≈≈...?....≈≈≈≈≈≈≈≈≈≈≈....
≈≈≈≈......≈≈≈≈≈≈≈≈≈≈....≈≈..#
≈≈≈...≈≈≈≈.≈≈≈≈≈≈≈≈).....≈...# ##
≈≈≈≈...≈≈..≈≈≈≈≈≈≈≈......≈≈...##.


You could see Polyphemus and a death yak.

Vanquished Creatures
  A reaper (IceCv)
  An ettin (D:15)
  Snorg (Lair:5)
  2 merfolk javelineers (Shoals:2)
  Josephine (D:11)
  A merfolk impaler (Shoals:1)
  2 fire dragons (Lair:6)
  3 vault guards (D:13)
  6 hydras
  A death knight (D:14)
  4 catoblepae
  3 merfolk avatars (Shoals:2)
  6 centaur warriors
  5 two-headed ogres
  7 death yaks
  A deep troll (D:15)
  5 sea snakes
  A lindwurm (Lair:6)
  A swamp dragon (Lair:6)
  Pikel (D:8)
  An orc knight (Orc:2)
  2 necromancers (D:13)
  2 deep elf archers (D:15)
  4 harpies (Shoals:1)
  8 cyclopes
  An oklob plant (Lair:4)
  2 deep elf magi
  An orc sorcerer (Orc:1)
  3 manticores
  Maurice (D:11)
  9 ugly things
  6 fauns (Shoals:1)
  13 elephants
  5 merfolk sirens
  2 ice statues (IceCv)
  A centaur skeleton (D:11)
  2 water nymphs
  5 torpor snails (Lair:6)
  4 black mambas
  2 gargoyles
  12 spiny frogs
  6 rime drakes
  11 komodo dragons
  3 yaktaurs
  8 ice devils (IceCv)
  3 trolls
  5 wind drakes (Shoals:2)
  9 merfolk
  8 hornets
  6 polar bears (Lair:4)
  4 tyrant leeches (Lair:6)
  A snapping turtle (Shoals:1)
  4 blink frogs (Lair:4)
  7 dream sheep (Lair:5)
  15 hippogriffs
  Sigmund (D:2)
  A shadow (D:13)
  A water elemental (Shoals:1)
  19 humans (D:13)
  41 yaks
  A vampire (D:14)
  4 wraiths
  4 steam dragons
  8 basilisks
  8 wyverns
  2 hungry ghosts
  11 vampire mosquitoes
  2 wargs (Orc:1)
  2 nagas (Lair:2)
  A soldier ant (D:14)
  An acid dragon (Lair:6)
  12 water moccasins
  Duvessa (D:7)
  8 porcupines
  2 hell hounds (D:15)
  A black bear (D:7)
  43 orc warriors
  3 swamp drakes (Lair:6)
  3 slaves (D:8)
  2 phantoms
  7 sky beasts
  An eye of draining (D:13)
  16 wolves
  10 ice beasts
  14 ogres
  22 centaurs
  17 crocodiles
  6 big kobolds
  26 bullfrogs
  A gnoll sergeant (D:12)
  Dowan (D:7)
  6 scorpions
  10 killer bees
  4 wights (D:9)
  A water moccasin skeleton (D:7)
  6 electric eels (D:9)
  12 crimson imps
  A bullfrog zombie (D:7)
  A human zombie (Ossuary)
  2 quasits
  A hound (D:5)
  6 jellies
  A bullfrog skeleton (D:10)
  3 centaur zombies
  15 orc priests
  22 orc wizards
  Natasha (thrice) (D:4)
  12 iguanas
  14 worker ants
  A killer bee zombie (D:7)
  A hound skeleton (D:6)
  4 mummies (Ossuary)
  A worker ant zombie (D:6)
  14 gnolls
  20 adders
  10 river rats (D:5)
  2 shadow imps
  10 white imps (IceCv)
  7 ufetubi (IceCv)
  6 oozes
  2 dart slugs (D:1)
  A leopard gecko (D:3)
  86 orcs
  6 bats
  2 giant cockroaches
  9 goblins
  10 hobgoblins
  4 jackals
  12 kobolds
  11 quokkas
  A ball python (D:6)
  9 frilled lizards
  3 gnoll zombies (Ossuary)
  A goblin zombie (Ossuary)
  A hobgoblin zombie (Ossuary)
  A leopard gecko skeleton (D:8)
  A leopard gecko zombie (D:9)
  An orc zombie (Ossuary)
  29 rats
  A fungus (Lair:6)
  A plant (D:10)
920 creatures vanquished.

Vanquished Creatures (others)
  A bullfrog (D:4)
  A scorpion (D:4)
  An adder (D:4)
  A white imp (IceCv)
  4 ufetubi (IceCv)
  An orc (Orc:1)
  A giant cockroach (D:4)
  A quokka (D:8)
  A frilled lizard (D:4)
  A bush (Shoals:1)
  10 fungi
  22 plants
45 creatures vanquished.

Grand Total: 965 creatures vanquished

Notes
Turn   | Place    | Note
-------+----------+-------------------------------------------
     0 | D:1      | mopl the Barachi Transmuter began the quest for the Orb.
     0 | D:1      | Reached XP level 1. HP: 15/15 MP: 3/3
    91 | D:1      | Reached XP level 2. HP: 8/21 MP: 3/5
    96 | D:1      | Learned a level 2 spell: Sticks to Snakes
   802 | D:1      | Reached skill level 3 in Transmutations
   824 | D:1      | Reached skill level 4 in Unarmed Combat
   824 | D:1      | Reached XP level 3. HP: 26/26 MP: 4/6
   829 | D:1      | Learned a level 3 spell: Spider Form
  1319 | D:2      | Reached skill level 1 in Poison Magic
  1378 | D:2      | Found a sparkling altar of Nemelex Xobeh.
  1386 | D:2      | Reached XP level 4. HP: 32/32 MP: 0/7
  1387 | D:2      | Noticed Sigmund
  1415 | D:2      | Killed Sigmund
  1415 | D:2      | Reached skill level 3 in Spellcasting
  1415 | D:2      | Reached skill level 4 in Transmutations
  1415 | D:2      | Reached skill level 2 in Poison Magic
  1415 | D:2      | Reached XP level 5. HP: 16/37 MP: 0/9
  1415 | D:2      | Reached XP level 6. HP: 19/43 MP: 0/10
  1499 | D:2      | Learned a level 4 spell: Ice Form
  1845 | D:2      | Reached skill level 5 in Unarmed Combat
  2634 | D:3      | Reached skill level 1 in Ice Magic
  2943 | D:3      | Found a sacrificial altar of Ru.
  3015 | D:3      | Found an ancient bone altar of Kikubaaqudgha.
  3185 | D:4      | Found a burning altar of Makhleb.
  3234 | D:4      | Found a staircase to the Ecumenical Temple.
  3241 | Temple   | Entered the Ecumenical Temple
  3338 | Temple   | Became a worshipper of Cheibriados the Contemplative
  3475 | D:4      | Reached skill level 3 in Poison Magic
  3475 | D:4      | Reached XP level 7. HP: 41/48 MP: 8/12
  3722 | D:4      | Found a radiant altar of Vehumet.
  3753 | D:4      | Found a shimmering altar of Xom.
  3799 | D:4      | Noticed Natasha
  3805 | D:4      | Reached skill level 2 in Ice Magic
  3809 | D:4      | Killed Natasha
  3809 | D:4      | Reached skill level 1 in Invocations
  3844 | D:4      | Reached * piety under Cheibriados
  3844 | D:4      | Reached skill level 6 in Unarmed Combat
  4220 | D:4      | Noticed Natasha
  4232 | D:4      | Killed Natasha
  4518 | D:4      | Noticed Natasha
  4522 | D:4      | Killed Natasha
  4562 | D:5      | Entered Level 5 of the Dungeon
  4571 | D:5      | Reached skill level 4 in Spellcasting
  4791 | D:5      | Reached skill level 5 in Transmutations
  4791 | D:5      | Reached XP level 8. HP: 54/54 MP: 14/14
  4858 | D:5      | Reached skill level 3 in Ice Magic
  5102 | D:5      | Reached skill level 2 in Invocations
  5141 | D:5      | Learned a level 5 spell: Blade Hands
  5174 | D:5      | Reached ** piety under Cheibriados
  5244 | D:5      | Reached skill level 7 in Unarmed Combat
  5545 | D:5      | Reached *** piety under Cheibriados
  5647 | D:6      | Reached skill level 4 in Ice Magic
  5678 | D:6      | Reached skill level 3 in Invocations
  5678 | D:6      | Reached XP level 9. HP: 55/59 MP: 16/16
  5713 | D:6      | Reached skill level 5 in Spellcasting
  5714 | D:6      | Reached skill level 8 in Unarmed Combat
  5853 | D:6      | Reached skill level 6 in Transmutations
  5911 | D:6      | Reached **** piety under Cheibriados
  5917 | D:6      | Reached skill level 2 in Fighting
  6211 | D:6      | Reached skill level 3 in Dodging
  6373 | D:6      | Found a shadowy altar of Dithmenos.
  6557 | D:7      | Reached skill level 3 in Fighting
  6583 | D:7      | Reached skill level 9 in Unarmed Combat
  6583 | D:7      | Reached skill level 4 in Invocations
  6612 | D:7      | Found a sand-covered staircase.
  6626 | Ossuary  | Entered an ossuary
  6763 | Ossuary  | Reached ***** piety under Cheibriados
  6928 | D:7      | Reached skill level 4 in Dodging
  6938 | D:7      | Reached XP level 10. HP: 55/71 MP: 17/17
  6990 | D:7      | Noticed Dowan
  6998 | D:7      | Reached skill level 4 in Fighting
  7003 | D:7      | Noticed Duvessa
  7011 | D:7      | Killed Duvessa
  7027 | D:7      | Killed Dowan
  7027 | D:7      | Reached skill level 7 in Transmutations
  7375 | D:8      | Noticed Pikel
  7384 | D:8      | Killed Pikel
  7384 | D:8      | Reached skill level 1 in Throwing
  7413 | D:8      | Learned a level 5 spell: Yara's Violent Unravelling
  7429 | D:8      | Reached skill level 10 in Unarmed Combat
  7542 | D:8      | Found a glowing golden altar of the Shining One.
  7543 | D:8      | Noticed an angel
  7556 | D:8      | Found a basalt altar of Yredelemnul.
  7557 | D:8      | Noticed a profane servitor
  7627 | D:8      | Reached skill level 1 in Hexes
  8057 | D:9      | Reached skill level 5 in Fighting
  8088 | D:9      | Reached skill level 5 in Invocations
  8098 | D:9      | Reached skill level 5 in Dodging
  8130 | D:9      | Reached skill level 2 in Throwing
  8679 | D:9      | Noticed a centaur warrior
  8682 | D:9      | Reached skill level 2 in Hexes
  8687 | D:9      | Killed a centaur warrior
  8735 | D:9      | Reached XP level 11. HP: 81/81 MP: 18/18
  8797 | D:9      | Noticed a two-headed ogre
  8803 | D:9      | Killed a two-headed ogre
  8803 | D:9      | Reached skill level 3 in Throwing
  8803 | D:9      | Reached skill level 3 in Hexes
  8813 | D:9      | Reached skill level 6 in Fighting
  8845 | D:9      | Reached ****** piety under Cheibriados
  8859 | D:9      | Noticed a cyan ugly thing
  8863 | D:9      | Killed a cyan ugly thing
  8863 | D:9      | Reached skill level 11 in Unarmed Combat
  8909 | D:9      | Learned a level 1 spell: Confusing Touch
  9066 | D:9      | Found Zetoc's Assorted Antiques.
  9069 | D:9      | Bought a scroll of identify for 54 gold pieces
  9069 | D:9      | Bought a scroll of identify for 54 gold pieces
  9141 | D:9      | Reached skill level 6 in Dodging
  9208 | D:10     | Entered Level 10 of the Dungeon
  9431 | D:10     | Found a staircase to the Lair.
  9556 | D:10     | Noticed a cyclops
  9577 | D:10     | Killed a cyclops
  9577 | D:10     | Reached skill level 4 in Hexes
 10023 | D:10     | Reached skill level 6 in Invocations
 10064 | D:10     | Reached skill level 4 in Throwing
 10251 | D:11     | Noticed Maurice
 10251 | D:11     | Noticed a two-headed ogre
 10273 | D:11     | Killed a two-headed ogre
 10288 | D:11     | Killed Maurice
 10319 | D:11     | Noticed a two-headed ogre
 10326 | D:11     | Killed a two-headed ogre
 10326 | D:11     | Reached skill level 7 in Fighting
 10366 | D:11     | Found Myes Xah's Food Shop.
 10471 | D:11     | Reached XP level 12. HP: 88/91 MP: 19/19
 10581 | D:11     | Reached skill level 12 in Unarmed Combat
 10650 | D:11     | Reached skill level 7 in Dodging
 10651 | D:11     | Noticed Josephine
 10655 | D:11     | Killed Josephine
 10655 | D:11     | Reached skill level 5 in Hexes
 10659 | D:11     | Reached skill level 5 in Throwing
 10946 | D:11     | Found a large runed door.
 10947 | D:11     | Found a large runed door.
 11266 | Lair:1   | Entered Level 1 of the Lair of Beasts
 11624 | Lair:1   | Reached skill level 8 in Fighting
 11810 | Lair:1   | Noticed a four-headed hydra
 11815 | Lair:1   | Killed a four-headed hydra
 11815 | Lair:1   | Reached skill level 7 in Invocations
 12132 | Lair:2   | Found a frozen archway.
 12170 | IceCv    | Entered an ice cave
 12245 | IceCv    | Reached skill level 8 in Dodging
 12602 | IceCv    | Reached skill level 6 in Throwing
 12611 | IceCv    | Reached skill level 13 in Unarmed Combat
 12729 | IceCv    | Reached skill level 8 in Transmutations
 12729 | IceCv    | Gained mutation: You can hop long distances. [Barachi growth]
 12729 | IceCv    | Reached XP level 13. HP: 99/99 MP: 20/20
 12761 | IceCv    | Noticed a reaper
 12769 | IceCv    | HP: 5/118 [reaper/scythe of freezing (47)]
 12769 | IceCv    | HP: 2/118 [reaper/scythe of freezing (3)]
 12775 | IceCv    | Killed a reaper
 13174 | IceCv    | Got a pair of scorched gloves
 13206 | IceCv    | Identified the +3 pair of gloves "Hat Saxze" {rN+} (You found it in an ice cave)
 13532 | Lair:2   | Got a twisted trident
 13533 | Lair:2   | Identified the +1 trident of Harmony {pierce, Str+2 Dex+2} (You found it on level 2 of the Lair of Beasts)
 13567 | Lair:2   | Found a staircase to the Shoals.
 13592 | Lair:2   | Found a staircase to the Snake Pit.
 13892 | Lair:2   | Reached skill level 9 in Fighting
 14253 | Lair:3   | Reached skill level 6 in Hexes
 14646 | Lair:4   | Reached skill level 7 in Throwing
 14646 | Lair:4   | Reached skill level 9 in Dodging
 14665 | Lair:4   | Reached skill level 8 in Invocations
 14812 | Lair:4   | Reached skill level 14 in Unarmed Combat
 15688 | Lair:5   | Noticed Snorg
 15696 | Lair:5   | Killed Snorg
 15696 | Lair:5   | Reached XP level 14. HP: 100/109 MP: 15/21
 15700 | Lair:5   | Reached skill level 10 in Fighting
 16002 | Lair:5   | Reached skill level 8 in Throwing
 16543 | Lair:6   | Entered Level 6 of the Lair of Beasts
 16544 | Lair:6   | Found a viscous altar of Jiyva.
 16558 | Lair:6   | Reached skill level 10 in Dodging
 16597 | Lair:6   | Found a staircase to the Slime Pits.
 16638 | Lair:6   | Reached skill level 15 in Unarmed Combat
 16792 | Lair:6   | Reached skill level 9 in Invocations
 16989 | Lair:6   | Reached skill level 11 in Fighting
 17393 | Lair:6   | Found a runed door.
 17434 | Lair:6   | Reached XP level 15. HP: 118/118 MP: 22/22
 17736 | Lair:6   | Reached skill level 9 in Throwing
 17814 | Lair:6   | Got a warped battleaxe
 17815 | Lair:6   | Identified the +9 battleaxe "Huoliuge" {flame, +Rage Stlth+} (You found it on level 6 of the Lair of Beasts)
 17978 | D:11     | Found an iron altar of Okawaru.
 17992 | D:11     | Found an iron altar of Okawaru.
 18116 | D:12     | Found a staircase to the Orcish Mines.
 18715 | Orc:1    | Entered Level 1 of the Orcish Mines
 19086 | Orc:2    | Entered Level 2 of the Orcish Mines
 19112 | Orc:2    | Reached skill level 16 in Unarmed Combat
 19149 | Orc:2    | Reached skill level 11 in Dodging
 19327 | Orc:2    | Found Lulic's Distillery.
 19327 | Orc:2    | Found Plog's Armour Shoppe.
 19328 | Orc:2    | Found Myuroif's Gadget Emporium.
 19407 | Orc:2    | Found Weder's Weapon Shop.
 19414 | Orc:2    | Bought a potion of curing for 36 gold pieces
 19414 | Orc:2    | Bought a potion of heal wounds for 60 gold pieces
 19414 | Orc:2    | Bought a potion of curing for 36 gold pieces
 19414 | Orc:2    | Bought 2 potions of curing for 72 gold pieces
 19414 | Orc:2    | Bought 2 potions of curing for 72 gold pieces
 19414 | Orc:2    | Bought a potion of magic for 96 gold pieces
 19637 | Orc:2    | Found a staircase to the Elven Halls.
 20112 | D:13     | Got a transparent helmet
 20134 | D:13     | Identified the cursed -4 helmet "Lokkiuj" {rPois rC- Str+3 SInv} (You found it on level 13 of the Dungeon)
 20592 | D:13     | Found a gate to the Vaults.
 20596 | D:13     | Reached skill level 12 in Fighting
 20598 | D:13     | Reached skill level 10 in Invocations
 21171 | D:14     | Found a white marble altar of Elyvilon.
 21456 | D:14     | Reached XP level 16. HP: 93/127 MP: 18/23
 21467 | D:14     | Reached skill level 10 in Throwing
 21476 | D:14     | Found Diczookk's Antique Armour Shop.
 21482 | D:14     | Bought a brightly glowing helmet for 351 gold pieces
 21492 | D:14     | Identified the +1 helmet of Sovereignty {*Drain Str+6 Int+4 Stlth+} (You bought it in a shop on level 14 of the Dungeon)
 21706 | D:15     | Entered Level 15 of the Dungeon
 22031 | D:15     | Reached skill level 17 in Unarmed Combat
 22151 | D:15     | Found a staircase to the Depths.
 22258 | D:15     | Found Peumm's Food Boutique.
 22665 | Shoals:1 | Entered Level 1 of the Shoals
 22785 | Shoals:1 | Found Iblari Siefu's Weapon Boutique.
 22833 | Shoals:1 | Reached skill level 5 in Ice Magic
 23024 | Shoals:1 | Reached skill level 1 in Stealth
 23067 | Shoals:1 | Reached skill level 12 in Dodging
 23152 | Shoals:1 | Identified a scroll of acquirement
 23554 | Shoals:2 | Reached skill level 2 in Stealth
 23830 | Shoals:2 | Noticed Polyphemus
 23846 | Shoals:2 | Slain by Polyphemus

Vault maps used:
D:1:      nicolae_arrival_somewhat_less_tricky_arrival
D:2:      nemelex_xobeh_ov_fountains_minmay, uniq_sigmund
D:3:      kiku_gazebo_pond_becter, nicolae_ru_path_of_blood
D:4:      lemuel_doored_altar, marbit_many_paths, minmay_temple_entry_statues,
          xom_confusion_cloud, uniq_natasha
D:5:      lemuel_ratsnest, first_ration, lemuel_flamethrower_1
D:6:      lemuel_coloured_pillars_altar
D:7:      chequers_ossuary_entry_cave, uniq_duvessa
D:8:      grunt_temple_overflow_holy_war, blue_anna_alchemist,
          minmay_tree_intersection, uniq_pikel
D:9:      minmay_the_grid_four_pointed_star, serial_shops, kennysheep_mini_moat,
          serial_bayou_lake_a
D:10:     dpeg_oklobed_lair
D:11:     okawaru_arena_lexackson, serial_shops, shop, nicolae_sextant,
          uniq_josephine, uniq_maurice
D:12:     kennysheep_orc_monster_closet_entryway
D:13:     grunt_vaults_entry_tiered
D:14:     serial_shops, nicolae_shop_temple_entry_statues_fountains,
          elyvilon_altar_5
D:15:     hangedman_depths_entry_civil_slaughter, special_room, serial_shops,
          shop, roderic_three_in_a_row, palyth_stone_intersect
Temple:   regret_index_temple_generic_petals
Lair:1:   beast_lair_carwin_large_2, st_stairs_9, lemuel_fruit_tree,
          grunt_megastairs_3
Lair:2:   minmay_shoals_entry_lonely_mermaid, guppyfry_snake_entry_garden,
          portal_ice_cave_entry_ice_beasts
Lair:4:   beast_lair_carwin_8, grunt_megastairs_4, serial_bayou_shore_b
Lair:5:   uniq_snorg
Lair:6:   wormcave, guppyfry_lair_end_dragon, slime_altar_1,
          infiniplex_staircase_pool_2
Shoals:1: serial_shops, shop, yaktaur_hedge
Shoals:2: nicolae_shoals_drake_roost, uniq_polyphemus
Orc:2:    st_orc_rangers, nicolae_orc_stony_grotto
Ossuary:  ossuary_crypta
IceCv:    ice_cave_small_demon

Skill      XL: |  1  2  3  4  5  6  7  8  9 10 11 12 13 14 15 16 |
---------------+-------------------------------------------------+-----
Transmutations | 3 4 5 6 7 8 |  8.0
Unarmed Combat | 4 5 6 7 9 10 11 13 14 15 16 17 | 17.5
Poison Magic   | 1 2 3 |  3.0
Spellcasting   | 3 4 5 |  5.0
Ice Magic      | 1 2 4 5 |  5.0
Invocations    | 1 3 4 5 6 7 8 9 10 | 10.7
Fighting       | 3 5 7 8 9 11 12 | 12.9
Dodging        | 4 5 6 8 9 10 11 12 | 12.1
Throwing       | 2 4 6 7 8 9 10 | 10.6
Hexes          | 2 4 5 6 |  6.0
Stealth        | 2 |  2.6

Action                   |  1- 3 |  4- 6 |  7- 9 | 10-12 | 13-15 | 16-18 || total
-------------------------+-------+-------+-------+-------+-------+-------++-------
Melee: Unarmed           |    64 |   126 |   379 |   519 |   960 |   235 ||  2283
       Kick              |     5 |       |       |       |       |       ||     5
       Whip              |    37 |    46 |       |       |       |       ||    83
       Headbutt          |     4 |       |       |       |       |       ||     4
       Punch             |     1 |     2 |     1 |    17 |    86 |    24 ||   131
Throw: Javelin           |       |     1 |       |       |       |    12 ||    13
 Cast: Beastly Appendage |    14 |       |       |       |       |       ||    14
       Spider Form       |     4 |    20 |    36 |    24 |     1 |       ||    85
       Ice Form          |       |       |     5 |    17 |    22 |     7 ||    51
       Blade Hands       |       |       |       |     3 |    38 |     7 ||    48
       Confusing Touch   |       |       |       |     1 |     2 |       ||     3
Invok: Temporal Distorti |       |       |       |     1 |     2 |     6 ||     9
       Slouch            |       |       |       |     1 |    16 |     7 ||    24
 Abil: End Transformatio |       |       |     5 |     3 |    10 |     5 ||    23
Evoke: Wand              |       |       |       |     9 |       |       ||     9
  Use: Scroll            |       |     8 |     7 |     4 |    10 |     6 ||    35
       Potion            |       |       |       |       |     2 |     1 ||     3
 Stab: Sleeping          |       |       |     4 |     3 |     7 |     5 ||    19
       Confused          |       |       |       |       |     1 |       ||     1
       Distracted        |       |       |       |       |     3 |       ||     3
  Eat: Chunk             |     3 |    10 |    11 |    14 |    32 |     6 ||    76
       Ration            |       |       |       |     1 |       |     1 ||     2
Armor: Robe              |    18 |    13 |     7 |    20 |    17 |       ||    75
       Skin              |     1 |     6 |     9 |    29 |    22 |     3 ||    70
       Troll leather arm |       |       |       |       |   116 |    38 ||   154
Dodge: Dodged            |    82 |   181 |   257 |   504 |  1196 |   275 ||  2495

Table legend:
 A = Spawn XP
 B = Non-spawn XP
 C = Spawn XP percentage of total XP
 D = Spawn monster count
 E = Non-spawn monster count
 F = Spawn count percentage of total count
 G = Total turns spent on level
                    A         B        C        D         E        F      G
               +---------+---------+-------+---------+---------+-------+---------
         Total |       0 |  169111 |   0.0 |       0 |     915 |   0.0 | 23846
               +---------+---------+-------+---------+---------+-------+---------
           D:1 |       0 |      38 |   0.0 |       0 |      18 |   0.0 |   921
           D:2 |       0 |     333 |   0.0 |       0 |      24 |   0.0 |  1252
           D:3 |       0 |     192 |   0.0 |       0 |      34 |   0.0 |   946
           D:4 |       0 |     474 |   0.0 |       0 |      28 |   0.0 |  1313
           D:5 |       0 |     964 |   0.0 |       0 |      52 |   0.0 |  1058
           D:6 |       0 |    1253 |   0.0 |       0 |      33 |   0.0 |   778
           D:7 |       0 |    1715 |   0.0 |       0 |      28 |   0.0 |   625
           D:8 |       0 |    1528 |   0.0 |       0 |      13 |   0.0 |   657
           D:9 |       0 |    4829 |   0.0 |       0 |      41 |   0.0 |  1287
          D:10 |       0 |    3119 |   0.0 |       0 |      27 |   0.0 |  1103
          D:11 |       0 |    9623 |   0.0 |       0 |      34 |   0.0 |  1108
          D:12 |       0 |    3005 |   0.0 |       0 |      28 |   0.0 |   708
          D:13 |       0 |   16416 |   0.0 |       0 |      71 |   0.0 |  1027
          D:14 |       0 |    8075 |   0.0 |       0 |      22 |   0.0 |   603
          D:15 |       0 |   11611 |   0.0 |       0 |      42 |   0.0 |   821
        Lair:1 |       0 |    5985 |   0.0 |       0 |      31 |   0.0 |   966
        Lair:2 |       0 |    4811 |   0.0 |       0 |      21 |   0.0 |   769
        Lair:3 |       0 |    5266 |   0.0 |       0 |      16 |   0.0 |   670
        Lair:4 |       0 |    9346 |   0.0 |       0 |      32 |   0.0 |   886
        Lair:5 |       0 |   14542 |   0.0 |       0 |      37 |   0.0 |  1014
        Lair:6 |       0 |   24319 |   0.0 |       0 |      80 |   0.0 |  1286
      Shoals:1 |       0 |   13172 |   0.0 |       0 |      26 |   0.0 |   787
      Shoals:2 |       0 |   12971 |   0.0 |       0 |      25 |   0.0 |   394
         Orc:1 |       0 |    2735 |   0.0 |       0 |      46 |   0.0 |   571
         Orc:2 |       0 |    7888 |   0.0 |       0 |      66 |   0.0 |   804
       Ossuary |       0 |     165 |   0.0 |       0 |      12 |   0.0 |   241
         IceCv |       0 |    4736 |   0.0 |       0 |      28 |   0.0 |  1121
               +---------+---------+-------+---------+---------+-------+---------
